 Dungeon Crawl Stone Soup version 0.30.0-5-g1a98f26d00 (webtiles) character file.

Game seed: 2876504855832269510

657 bjtr the Digger (level 7, 0/36 HPs)
             Began as a Gargoyle Earth Elementalist on May 9, 2023.
             Was an Initiate of Vehumet.
             Slain by a wight
             ... wielding a +3 hand axe of freezing
              (1 damage)
             ... on level 5 of the Dungeon.
             The game lasted 00:11:48 (3912 turns).

bjtr the Digger (Gargoyle Earth Elementalist)       Turns: 3912, Time: 00:11:48

Health: 0/36       AC: 13    Str:  6    XL:     7   Next: 55%
Magic:  12/13      EV: 11    Int: 18    God:    Vehumet [......]
Gold:   247        SH:  0    Dex: 10    Spells: 11/14 levels left

rFire   + . .        b - +11 sling of Earthquakes {speed, rElec Str-5 SInv}
rCold   . . .        (no shield)
rNeg    + . .        w - +3 leather armour {rF+}
rPois   ∞            (no helmet)
rElec   +            f - +0 cloak
rCorr   .            (no gloves)
SInv    +            C - +0 pair of boots
Will    .....        (no amulet)
Stlth   +++          F - ring of flight
HPRegen 0.26/turn    (no ring)
MPRegen 0.13/turn

%: no passive effects
@: mighty, flying
A: sickness immunity, AC +4, negative energy resistance 1, electricity
resistance, torment resistance 1, petrification resistance, camouflage 1, frail
1
a: Renounce Religion


You were on level 5 of the Dungeon.
You worshipped Vehumet.
Vehumet was noncommittal.
You visited 1 branch of the dungeon, and saw 5 of its levels.

You collected 247 gold pieces.

Inventory:

Hand Weapons
 a - a +0 flail
 b - the +11 sling of Earthquakes (weapon) {speed, rElec Str-5 SInv}
   (You found it on level 2 of the Dungeon)

   Str:       It affects your strength (-5).
   rElec:     It insulates you from electricity.
   SInv:      It lets you see invisible.
 d - a +0 dagger
 m - a +0 sling
 u - a +0 mace
 v - a +0 long sword
Missiles
 l - a throwing net
 q - 4 atropa-tipped darts
 r - 6 javelins
 x - 9 poisoned darts
 G - 5 boomerangs of dispersal
Armour
 f - a +0 cloak (worn)
 w - a +3 leather armour of fire resistance (worn)
 C - a +0 pair of boots (worn)
Jewellery
 o - a ring of fire
 F - a ring of flight (left hand)
Wands
 e - a wand of flame (17)
 B - a wand of charming (10)
Scrolls
 c - 4 scrolls of teleportation
 h - a scroll of noise {unknown}
 n - 4 scrolls of identify {unknown}
 y - 2 scrolls of magic mapping {unknown}
 z - a scroll of poison {unknown}
 H - a scroll of fog {unknown}
Potions
 g - a potion of mutation
 i - a potion of magic
 j - a potion of ambrosia {unknown}
 k - a potion of cancellation {unknown}
 p - 2 potions of curing {unknown}
 s - a potion of brilliance {unknown}
 t - a potion of lignification {unknown}
 A - a potion of might
 D - a potion of attraction {unknown}
 E - a potion of flight {unknown}


   Skills:
 + Level 2.0 Fighting
 + Level 1.6 Armour
 + Level 2.1 Dodging
 + Level 2.9 Stealth
 * Level 4.3 Spellcasting
 * Level 2.6 Conjurations
 - Level 0.7 Transmutations
 * Level 6.1 Earth Magic
 * Level 2.0 Evocations


You had 11 spell levels left.
You knew the following spells:

 Your Spells              Type           Power      Damage    Failure   Level
a - Sandblast             Erth           50%        2d12      1%          1
b - Passwall              Tmut/Erth      13%        N/A       8%          2

Your spell library contained the following spells:

 Spells                   Type           Power      Damage    Failure   Level
 Stone Arrow              Conj/Erth      38%        3d9       11%         3
 Apportation              Tloc           6%         N/A       22%         1
 Necrotise                Necr           12%        1d4       22%         1
 Summon Small Mammal      Summ           12%        N/A       22%         1
 Lesser Beckoning         Tloc           6%         N/A       32%         2
 Petrify                  Tmut/Erth      16%        N/A       45%         4
 Gell's Gravitas          Tloc           3%         N/A       54%         3
 Teleport Other           Tloc           3%         N/A       54%         3
 Vampiric Draining        Necr           3%         2d6       54%         3
 Agony                    Necr           3%         N/A       99%         5


Dungeon Overview and Level Annotations

Branches:
Dungeon (5/15)             Temple (0/1) D:5

Altars:
Ashenzari
Cheibriados
Dithmenos
Gozag
Kikubaaqudgha
Okawaru
Vehumet
Xom
Yredelemnul


Innate Abilities, Weirdness & Mutations

You are immune to sickness and miasma.
Your stone body is resilient. (AC +4)
You are immune to poison.
You resist negative energy. (rN+)
You are resistant to electric shocks. (rElec)
You are resistant to unholy torment.
You are immune to petrification.
Your skin changes colour to match your surroundings (Stealth+).
You are frail. (-10% HP)


Message History

The wight freezes you. The wight closely misses you.
Your Fighting skill increases to level 2!
Your Evocations skill increases to level 2!
Unknown command.
You are too injured to fight recklessly!
You are too injured to fight recklessly!
You are too injured to fight recklessly!
You are too injured to fight recklessly!
You are too injured to fight recklessly!
You are too injured to fight recklessly!
The wight attacks as you move away! The wight barely misses you.
The wight attacks as you move away! The wight hits you with a +0 scimitar.
Casting: Sandblast (safe; 1% risk of failure)
Confirm with . or Enter, or press ? or * to list all spells.
Aiming: Sandblast (safe; 1% risk of failure)
Press: ? - help, Shift-Dir - straight line, f - wight
Aim: a wight, wielding a +5 long sword and wearing a +0 robe (83% to hit)
The blast of sand hits the wight but does no damage.
The wight is severely damaged.
The wight completely misses you.
The wight hits you with a +3 hand axe of freezing!
* * * LOW HITPOINT WARNING * * *
The wight freezes you.
* * * LOW HITPOINT WARNING * * *
Unknown command.
It was a potion of might.
You feel very mighty all of a sudden.
The wight hits you with a +3 hand axe of freezing.
* * * LOW HITPOINT WARNING * * *
The wight freezes you.
* * * LOW HITPOINT WARNING * * *
The wight hits you but does no damage.
The wight hits you with a +5 long sword.
* * * LOW HITPOINT WARNING * * *
Unknown command.
It was a potion of mutation.
You feel extremely strange.
Your skin functions as natural camouflage.
You feel frail.
The wight hits you with a +3 hand axe of freezing.
You die...

#. ### #. .. ##### #.
##.##### ......
#.###......# ......
#...+......#
......#####.#......#####
........(..........+....
...................####.
##.##.#@z##.#...........
......#zz...#......####.
#.#....##....####....#.
...#.##....##.# #....#.
##......##....# #....#.
...##.>)...#..####....#.
.#......##.#..'.......##
#.#.##.......###.....#
.. #. ...#.##.# #.....#


You could see 3 wights.

Vanquished Creatures
  Sigmund (D:5)
  A black bear (D:5)
  An ice beast (D:5)
  An ogre (D:4)
  A wight (D:5)
  2 hounds (D:5)
  A scorpion zombie (D:3)
  A mummy (D:3)
  An adder (D:3)
  2 adder zombies (D:3)
  3 worms (D:3)
  2 dart slugs
  2 orcs (D:3)
  A ball python (D:1)
  4 endoplasms
  6 goblins
  8 hobgoblins
  4 jackals (D:2)
  A kobold (D:3)
  A quokka (D:3)
  8 bats
  6 frilled lizards
  A jackal zombie (D:3)
  4 rats
63 creatures vanquished.

Notes
Turn   | Place    | Note
-------+----------+-------------------------------------------
     0 | D:1      | bjtr the Gargoyle Earth Elementalist began the quest for
                  | the Orb.
     0 | D:1      | Reached XP level 1. HP: 10/10 MP: 3/3
    88 | D:1      | Found a faded altar of an unknown god.
   294 | D:1      | Reached XP level 2. HP: 15/15 MP: 1/5
   295 | D:1      | Reached skill level 4 in Earth Magic
   799 | D:1      | Learned a level 2 spell: Passwall
  1181 | D:2      | Identified the +11 sling of Earthquakes {speed, rElec Str-5
                  | SInv}
  1349 | D:2      | Reached XP level 3. HP: 16/19 MP: 6/6
  1765 | D:3      | Found a shimmering altar of Xom.
  1923 | D:3      | Found a snail-covered altar of Cheibriados.
  1962 | D:3      | Found an iron altar of Okawaru.
  2021 | D:3      | Reached skill level 1 in Conjurations
  2021 | D:3      | Reached XP level 4. HP: 24/24 MP: 7/7
  2116 | D:3      | Found a basalt altar of Yredelemnul.
  2134 | D:3      | Found a radiant altar of Vehumet.
  2149 | D:3      | Became a worshipper of Vehumet
  2232 | D:3      | Reached XP level 5. HP: 28/28 MP: 9/9
  2406 | D:4      | Noticed an ogre
  2409 | D:4      | Killed an ogre
  2410 | D:4      | Reached skill level 5 in Earth Magic
  2847 | D:4      | Found a broken altar of Ashenzari.
  2852 | D:4      | Found a shadowy altar of Dithmenos.
  2859 | D:4      | Found an opulent altar of Gozag.
  3509 | D:5      | Entered Level 5 of the Dungeon
  3523 | D:5      | Noticed a black bear
  3533 | D:5      | Killed a black bear
  3534 | D:5      | Reached skill level 1 in Fighting
  3534 | D:5      | Reached skill level 1 in Evocations
  3534 | D:5      | Reached XP level 6. HP: 34/34 MP: 11/11
  3552 | D:5      | Found an ancient bone altar of Kikubaaqudgha.
  3562 | D:5      | Noticed Sigmund
  3572 | D:5      | Killed Sigmund
  3573 | D:5      | Reached skill level 1 in Armour
  3573 | D:5      | Reached XP level 7. HP: 27/38 MP: 11/13
  3879 | D:5      | Reached skill level 6 in Earth Magic
  3880 | D:5      | Found a staircase to the Ecumenical Temple.
  3911 | D:5      | HP: 1/40 [wight/+5 long sword (2)]
  3912 | D:5      | Gained mutation: Your skin changes colour to match your
                  | surroundings (Stealth+). [potion of mutation]
  3912 | D:5      | Gained mutation: You are frail. (-10% HP) [potion of
                  | mutation]
  3912 | D:5      | Slain by a wight

Illustrated notes

Levels and vault maps discovered:
D:1:      minmay_arrival_pointy, layout_loops_ring,
          shapermc_ecumenical_altar_acropolis
D:2:      layout_loops_corners
D:3:      layout_loops_cross, vehumet_altar_wand_db, lemuel_round_altar,
          mainiacjoe_overflow_chevrons, slow_altar_1,
          nicolae_yredelemnul_corpse_copse, minmay_distorted
D:4:      layout_layer_cave, grunt_temple_overflow_open, ashenzari_altar_1
D:5:      layout_basic, kennysheep_mini, minmay_temple_entry_ruins,
          serial_shops, nicolae_shop_peninsula, amcnicky_mini_pool_small,
          nicolae_goblin_pals, uniq_sigmund, uniq_eustachio, uniq_grinder

Skill      XL: |  1  2  3  4  5  6  7 |
---------------+----------------------+-----
Earth Magic    | 4 5 6 |  6.1
Conjurations   | 1 2 |  2.6
Spellcasting   | 3 4 |  4.3
Dodging        | 2 |  2.1
Fighting       | 1 2 |  2.0
Evocations     | 1 2 |  2.0
Armour         | 1 |  1.6
Stealth        | |  2.9
Transmutations | |  0.7

Action                     |  1- 3 |  4- 6 |  7- 9 || total
---------------------------+-------+-------+-------++-------
  Melee: Mace              |     2 |       |       ||     2
   Fire: Sling             |    40 |    63 |    25 ||   128
   Cast: Sandblast         |    23 |       |     1 ||    24
    Use: Scroll            |     2 |       |       ||     2
         Potion            |       |       |     2 ||     2
 Armour: Robe              |     7 |       |       ||     7
         Leather armour    |       |     6 |     7 ||    13
  Dodge: Dodged            |     8 |    11 |     9 ||    28
